Map: Cañón atribulado

Players

TATORREA - Winner!

  • Race: Protoss Protoss
  • League: Silver
  • Spawn Location: 7:00

tigro - Winner!

  • Race: Terran Terran
  • League: Bronze
  • Spawn Location: 6:00

MrFercho - Winner!

  • Race: Zerg Zerg
  • League: Silver
  • Spawn Location: 6:00

solidnliquid

  • Race: Protoss Protoss
  • Spawn Location: 12:00

carpaltunnel

  • Race: Zerg Zerg
  • Spawn Location: 3:00

zateon

  • Race: Terran Terran
  • League: Gold
  • Spawn Location: 12:00

VOD

Have the link to the VOD?

Description

Time

  • Played on: June 5, 2020, 9:12 p.m.
  • Length: 21:11
Show
View Real Time Build Order
Export as new Build Order

TATORREA Protoss - Winner!

Build Orders:  

Get SALT Encoding   

  12  0:03  Probe  
  13  0:15  Probe  
  14  0:36  Probe  
  15  0:44  Pylon  
  15  1:02  Probe  
  16  1:13  Gateway  
  16  1:14  Gateway, Probe  
  16  1:15  Gateway  
  17  1:22  Assimilator  
  17  1:26  Probe  
  18  1:38  Probe  
  19  1:48  Assimilator  
  19  1:53  Probe  
  20  2:03  Cybernetics Core  
  20  2:06  Pylon  
  20  2:11  Probe  
  21  2:23  Nexus  
  21  2:30  Probe  
  22  2:37  Warp Gate (Chrono Boost)  
  22  3:01  Stalker x3  
  22  3:05  Probe  
  29  3:19  Probe  
  30  3:31  Probe  
  31  3:39  Pylon  
  31  3:42  Pylon  
  31  3:43  Probe x2  
  31  3:46  Pylon  
  33  3:52  Stalker (Chrono Boost)  
  33  3:55  Probe x2  
  39  4:03  Stalker (Chrono Boost)  
  39  4:07  Probe x2  
  39  4:08  Stalker (Chrono Boost)  
  43  4:20  Probe x2  
  45  4:26  Twilight Council  
  45  4:32  Probe x2  
  45  4:35  Stalker  
  49  4:39  Stalker  
  51  4:50  Stalker  
  39  5:32  Stalker x2  
  39  5:33  Stalker  
  43  5:42  Probe x2  
  45  5:54  Nexus  
  45  5:57  Pylon  
  45  6:02  Pylon  
  45  6:03  Probe  
  45  6:04  Gateway, Probe  
  47  6:07  Gateway, Charge  
  47  6:09  Gateway  
  47  6:12  Gateway  
  47  6:16  Forge, Probe x2  
  49  6:20  Assimilator  
  49  6:26  Assimilator  
  49  6:28  Probe x2  
  51  6:52  Stalker  
  51  6:53  Stalker x2  
  55  7:20  Pylon  
  42  7:45  Probe x2  
  42  7:51  Stalker x2  
  45  7:52  Stalker x4  
  45  7:57  Probe x2  
  56  8:09  Probe x2  
  58  8:14  Probe  
  58  8:19  Stalker x3  
  63  8:20  Stalker  
  63  8:21  Probe x2  
  63  8:26  Probe  
  68  8:33  Probe x2  
  70  8:38  Probe  
  71  8:44  Pylon  
  71  8:45  Shield Battery, Probe  
  71  8:46  Probe  
  73  8:49  Shield Battery  
  73  8:50  Probe  
  74  8:57  Probe  
  74  9:02  Probe  
  76  9:07  Blink  
  76  9:12  Probe x2  
  76  9:14  Probe  
  79  9:24  Assimilator, Probe x2  
  79  9:26  Probe  
  79  9:28  Assimilator  
  79  9:30  Stalker x2  
  79  9:31  Stalker x5  
  92  9:32  Stargate  
  92  9:35  Stargate  
  92  9:36  Probe x2  
  92  9:37  Robotics Facility  
  98  9:38  Probe  
  99  9:48  Probe x2  
  101  10:07  Probe  
  74  10:19  Stalker x2  
  74  10:20  Stalker x3  
  74  10:21  Stalker x2  
  72  10:27  Void Ray x2  
  82  10:31  Observer  
  83  10:39  Probe  
  83  10:40  Probe x2  
  70  10:51  Probe  
  70  10:52  Probe  
  70  10:55  Stalker x4  
  70  10:56  Stalker x2  
  84  11:02  Nexus  
  72  11:29  Zealot x3  
  72  11:30  Zealot  
  54  12:25  Pylon  
  54  12:27  Pylon  
  54  12:30  Pylon  
  54  12:34  Pylon  
  53  13:21  Nexus  
  53  13:27  Assimilator  
  53  13:31  Assimilator  
  53  13:39  Gateway  
  53  13:41  Gateway  
  53  13:44  Gateway  
  53  13:46  Gateway  
  53  13:50  Gateway  
  53  13:52  Gateway  
  53  13:54  Gateway  
  53  13:57  Gateway  
  53  13:59  Gateway  
  53  14:27  Nexus  
  53  15:40  Zealot x2  
  53  15:41  Zealot x4  
  53  15:42  Zealot x3  
  71  16:09  Assimilator  
  71  16:14  Assimilator  
  71  17:07  Pylon  
  71  17:09  Pylon  
  71  17:12  Pylon  
  71  17:13  Pylon  
  71  17:17  Pylon  
  71  17:22  Pylon x2  
  71  17:23  Pylon  
  71  17:24  Cybernetics Core  
  71  17:25  Pylon  
  70  17:48  Nexus  
  70  18:00  Zealot x4  
  70  18:01  Zealot x3  
  84  18:14  Zealot  
  84  18:15  Zealot  
  88  18:30  Pylon  
  88  18:39  Zealot x4  
  88  18:40  Zealot x3  
  102  18:50  Forge  
  102  18:58  Zealot x2  
Show
View Real Time Build Order
Export as new Build Order

tigro Terran - Winner!

Build Orders:  

Get SALT Encoding   

  12  0:03  SCV  
  13  0:15  SCV  
  14  0:24  Supply Depot  
  14  0:29  SCV, Refinery  
  15  0:45  SCV  
  16  0:57  Barracks, SCV  
  17  1:08  Refinery  
  17  1:09  SCV  
  18  1:21  SCV  
  19  1:34  SCV  
  19  1:35  Supply Depot  
  20  1:46  Marine, SCV  
  22  1:58  SCV  
  23  2:04  Marine  
  24  2:10  SCV  
  24  2:13  Barracks  
  25  2:22  Marine, SCV  
  27  2:29  Engineering Bay  
  27  2:40  Marine  
  25  2:51  Orbital Command  
  28  2:58  Marine  
  29  3:13  Barracks Tech Lab, Factory  
  29  3:42  Barracks Tech Lab  
  29  3:43  Combat Shield  
  29  3:47  Marine  
  30  4:04  Marine  
  30  4:06  Stimpack  
  30  4:08  Marine  
  32  4:11  Command Center, Factory Tech Lab  
  32  4:22  Marine  
  33  4:26  Marine  
  33  4:27  Starport  
  33  4:31  Terran Infantry Weapons Level 1  
  34  4:38  Siege Tank  
  34  4:40  Marine  
  34  4:44  Marine  
  39  4:58  Marine  
  40  5:01  Marine  
  40  5:02  Concussive Shells  
  41  5:19  Marine  
  42  5:30  Medivac  
  42  5:35  Siege Tank  
  47  6:02  Fusion Core  
  47  6:51  Armory  
  41  7:57  Marine x2  
  43  8:14  Marine x2  
  45  8:22  Refinery  
  45  8:32  Marine x2  
  47  8:35  Siege Tank  
  47  8:40  Starport Tech Lab  
  50  8:45  Terran Infantry Armor Level 1  
  50  8:50  Marine x2  
  52  9:01  SCV  
  53  9:07  Siege Tank  
  53  9:08  Marine x2  
  53  9:09  Drilling Claws  
  58  9:11  Missile Turret  
  58  9:13  SCV  
  59  9:25  SCV  
  59  9:26  Marine x2  
  59  9:28  Refinery  
  62  9:52  Missile Turret  
  62  10:10  Marine x2, SCV  
  62  10:11  Thor  
  54  10:18  Missile Turret  
  52  10:22  SCV  
  52  10:27  Marine  
  52  10:28  Smart Servos, Marine  
  44  10:34  SCV  
  40  10:38  Neosteel Armor  
  40  10:45  Marine  
  40  10:46  Marine, SCV  
  46  11:03  Medivac, Marine  
  46  11:04  Marine  
  47  11:21  Marine  
  47  11:22  Marine  
  49  11:33  Viking  
  49  11:39  Marine x2  
  52  11:46  Mag-Field Accelerator  
  53  11:57  Marine x2  
  55  12:03  Banshee  
  52  12:14  Marine  
  52  12:15  Marine  
  54  12:19  Hi-Sec Auto Tracking  
  51  12:32  Marine  
  51  12:33  Marine  
  51  12:46  Viking  
  51  12:50  Marine  
  51  12:51  Marine  
  55  13:04  Weapon Refit  
  55  13:08  Marine x2  
  57  13:15  Terran Infantry Weapons Level 2, Banshee  
  47  13:26  Infernal Pre-Igniter, Marine x2  
  43  13:40  Planetary Fortress  
  41  13:43  Marine  
  41  13:44  Marine  
  42  13:58  Medivac  
  42  14:01  Marine  
  42  14:02  Marine  
  46  14:19  Marine  
  46  14:20  Marine  
  48  14:29  Battlecruiser  
  51  14:37  Marine x2  
  44  14:41  Siege Tank  
  44  14:44  Rapid Reignition System  
  43  14:55  Marine x2  
  40  15:11  Missile Turret  
  40  15:14  Missile Turret, Siege Tank  
  41  15:33  Medivac  
  43  15:37  Missile Turret  
  43  15:40  Advanced Ballistics  
  42  16:16  Marine x2  
  44  16:34  Marine x2  
  46  16:51  Marine  
  47  16:57  Command Center  
  47  17:19  Marine x2  
  43  17:37  Supply Depot, Marine x2  
  45  17:55  Marine  
  46  17:58  Thor  
  46  17:59  Supply Depot  
  24  19:04  SCV  
  25  19:16  SCV  
  24  19:28  SCV  
  12  19:37  Marauder  
  6  19:40  SCV  
  7  19:52  SCV  
  10  20:03  Marine  
  9  20:21  Marine  
  9  20:39  Marine  
Show
View Real Time Build Order
Export as new Build Order

MrFercho Zerg - Winner!

Build Orders: Pool First, Lurkers 

Get SALT Encoding   

  12  0:02  Drone  
  13  0:10  Drone  
  14  0:29  Extractor  
  14  0:31  Drone  
  14  0:33  Extractor  
  14  0:34  Drone  
  16  0:50  Overlord  
  16  0:56  Spawning Pool  
  15  1:22  Drone x2  
  15  1:23  Hatchery, Drone  
  17  1:30  Extractor  
  16  1:34  Drone  
  17  1:46  Queen  
  19  1:51  Drone  
  20  1:57  Drone  
  21  2:09  Extractor  
  21  2:11  Overlord  
  20  2:30  Drone x2  
  22  2:56  Lair  
  22  3:10  Zergling x4  
  22  3:11  Zergling x6  
  27  3:22  Zergling x8  
  27  3:25  Metabolic Boost  
  31  3:33  Evolution Chamber  
  30  3:43  Queen  
  30  3:44  Drone  
  30  3:45  Drone  
  34  3:54  Zergling x4  
  36  3:57  Overlord  
  36  4:11  Hydralisk Den  
  36  4:16  Infestation Pit  
  34  4:19  Drone  
  34  4:20  Drone x6  
  41  4:28  Extractor  
  40  4:31  Extractor  
  40  4:38  Zerg Melee Weapons Level 1  
  39  4:42  Hydralisk  
  41  4:53  Drone x3  
  41  4:54  Overlord  
  34  5:13  Zergling x14  
  40  5:45  Hydralisk x4  
  48  5:57  Hive  
  42  6:23  Overseer  
  41  6:29  Zergling x4  
  41  6:30  Zergling x8  
  47  6:42  Hatchery  
  47  6:43  Hatchery  
  45  7:18  Zergling x2  
  45  7:19  Zergling x14  
  39  7:59  Zergling x12  
  43  8:13  Overseer  
  43  8:42  Hydralisk x5  
  43  8:43  Hydralisk  
  43  8:46  Overlord x3  
  43  8:47  Overlord x3  
  55  8:56  Ultralisk Cavern  
  54  9:04  Lurker Den  
  48  9:26  Pneumatized Carapace  
  48  9:29  Burrow  
  44  9:46  Overseer x2  
  28  10:22  Ultralisk x2  
  28  10:23  Ultralisk  
  28  10:27  Hydralisk  
  48  10:40  Drone x3  
  51  10:52  Zerg Ground Armor Level 1  
  51  11:25  Hydralisk x3  
  51  11:26  Hydralisk x3  
  63  11:37  Adaptive Talons  
  63  11:47  Lurker  
  64  12:00  Hydralisk x2  
  64  12:01  Hydralisk x5  
  78  12:13  Lurker  
  78  12:14  Lurker x3  
  78  12:15  Lurker  
  83  12:45  Hydralisk x2  
  79  14:10  Hydralisk  
  79  14:11  Hydralisk x3  
  79  14:15  Overlord x2  
  79  14:16  Overlord  
  87  14:35  Overlord x2  
  87  14:36  Overlord  
  79  15:34  Hydralisk  
  79  15:35  Hydralisk x9  
  95  15:47  Lurker  
  96  15:53  Drone  
  97  16:37  Hatchery  
  95  16:44  Hatchery  
  94  17:06  Seismic Spines  
  94  17:09  Hydralisk  
  94  17:10  Hydralisk x12  
  120  17:33  Overseer  
  104  19:03  Hydralisk x8  
Show
View Real Time Build Order
Export as new Build Order

solidnliquid Protoss 

Build Orders: Dark Templar Rush 

Get SALT Encoding   

  12  0:01  Probe  
  13  0:16  Pylon  
  13  0:21  Probe  
  14  0:39  Gateway  
  14  0:45  Probe  
  15  0:51  Assimilator  
  15  1:12  Probe  
  16  1:24  Probe  
  17  1:30  Cybernetics Core  
  17  1:37  Pylon  
  18  1:40  Probe  
  18  1:53  Nexus  
  18  1:55  Probe  
  19  2:07  Probe  
  20  2:20  Twilight Council  
  20  2:23  Pylon  
  20  2:27  Assimilator  
  20  2:41  Probe  
  21  2:48  Gateway  
  21  2:51  Gateway  
  21  2:53  Probe  
  23  3:05  Probe  
  23  3:16  Probe  
  23  3:18  Assimilator  
  24  3:28  Probe  
  24  3:34  Probe  
  26  3:40  Probe  
  27  3:44  Dark Shrine  
  27  3:46  Probe  
  27  3:47  Forge  
  28  3:52  Probe  
  29  3:58  Probe  
  30  4:04  Probe  
  31  4:15  Assimilator  
  31  4:20  Protoss Ground Weapons Level 1  
  31  4:40  Probe  
  32  4:46  Pylon  
  32  4:51  Gateway  
  32  4:52  Probe  
  33  4:57  Shadow Stride  
  33  5:04  Probe  
  34  5:08  Dark Templar  
  34  5:09  Dark Templar  
  34  5:10  Dark Templar  
  40  5:16  Probe  
  41  5:40  Probe  
  42  5:48  Dark Templar  
  44  5:52  Probe  
  45  6:14  Dark Templar x3  
  51  6:19  Probe  
  52  6:31  Probe  
  53  6:43  Probe  
  54  6:55  Probe  
  49  7:09  Stalker x3  
  49  7:10  Stalker  
  49  7:12  Protoss Ground Armor Level 1  
  53  7:21  Probe  
  54  7:34  Probe  
  53  7:39  Dark Templar x2  
  53  7:40  Dark Templar x2  
  61  7:45  Blink  
  61  7:46  Probe  
  62  8:27  Stalker  
  62  8:46  Nexus  
  62  8:53  Pylon  
  62  8:55  Pylon  
  62  8:59  Pylon  
  62  9:00  Pylon  
  62  9:03  Pylon  
  62  9:05  Pylon  
  62  9:11  Stalker x3  
  62  9:13  Pylon  
  62  9:16  Pylon  
  60  10:22  Stalker x3  
  60  10:23  Stalker  
  64  10:52  Dark Templar x3  
  64  10:53  Dark Templar  
  70  11:40  Stalker x3  
  70  11:41  Stalker  
  70  12:10  Dark Templar x2  
  70  12:11  Dark Templar x2  
  68  12:49  Stalker x2, Dark Templar  
  68  12:50  Stalker  
  64  13:19  Dark Templar  
  66  13:20  Dark Templar x2  
  68  13:53  Dark Templar  
  68  13:59  Dark Templar x3  
  72  14:32  Dark Templar  
  72  14:38  Stalker x3  
  76  15:08  Stalker x2, Dark Templar  
  76  15:11  Dark Templar  
  80  15:38  Stalker x2  
  78  15:47  Stalker  
  80  15:50  Stalker  
  82  16:07  Stalker  
  82  16:08  Stalker  
  86  16:17  Stalker  
  88  16:21  Dark Templar  
  88  16:38  Dark Templar x2  
  92  16:48  Dark Templar  
  94  17:00  Stalker  
  88  17:17  Stalker x2  
  90  17:27  Stalker  
  90  17:30  Stalker  
  92  17:47  Dark Templar x2  
  96  17:57  Dark Templar  
  98  18:00  Dark Templar  
  92  18:26  Dark Templar x2  
  96  18:36  Dark Templar  
  96  18:39  Dark Templar  
  64  19:05  Dark Templar  
  64  19:06  Dark Templar  
  68  19:15  Stalker  
  64  19:18  Stalker  
  62  19:45  Stalker  
Show
View Real Time Build Order
Export as new Build Order

carpaltunnel Zerg 

Build Orders: Pool First 

Get SALT Encoding   

  12  0:13  Drone  
  13  0:14  Overlord  
  13  0:18  Drone  
  14  0:27  Extractor  
  13  0:39  Drone  
  14  0:50  Spawning Pool  
  13  0:57  Drone x3  
  16  1:22  Drone  
  16  1:23  Drone  
  18  1:38  Hatchery  
  17  2:07  Drone  
  18  2:08  Zergling x2  
  18  2:09  Zergling x2  
  20  2:18  Hatchery, Metabolic Boost  
  19  2:35  Lair  
  19  2:48  Drone  
  19  2:49  Drone x2  
  22  2:53  Drone  
  23  3:08  Extractor  
  22  3:18  Drone x2  
  22  3:19  Overlord  
  25  3:20  Drone  
  25  3:38  Zergling x4  
  25  3:39  Nydus Network, Zergling x4  
  28  3:49  Hydralisk Den  
  27  4:00  Drone x2  
  27  4:02  Drone  
  30  4:09  Zergling x4  
  33  4:10  Zergling x8  
  36  4:18  Queen  
  38  4:28  Overlord  
  23  5:18  Zergling x8  
  23  5:19  Zergling x4  
  22  5:41  Overseer  
  21  5:52  Drone  
  21  5:53  Drone x2  
  22  6:01  Zergling x6  
  16  6:16  Zergling x4  
  16  6:17  Zergling x2  
  19  6:31  Zergling x2  
  19  6:32  Zergling x2  
  21  6:51  Nydus Canal  
  15  7:53  Zergling x2  
  15  7:54  Zergling x10  
  19  8:19  Drone x2  
  21  8:24  Drone x2  
  23  8:32  Drone x2  
  25  8:39  Hatchery  
  24  8:42  Hatchery  
  24  8:43  Drone x2  
  24  8:47  Queen  
  27  8:52  Drone  
  27  8:54  Drone x2  
  27  8:55  Drone  
  31  9:13  Nydus Network  
  6  9:43  Drone x3  
  6  9:44  Drone x3  
  13  9:52  Drone  
  13  9:53  Drone x2  
  15  10:04  Zergling x2  
  15  10:34  Zergling x6  
  18  10:44  Drone  
  16  11:44  Zergling x12  
  16  11:45  Zergling x6  
  15  12:54  Zergling x10  
  15  12:55  Zergling x8  
  24  13:06  Hatchery  
  16  14:13  Zergling x6  
  16  14:14  Zergling x10  
  16  14:15  Zergling x14  
  29  14:39  Zergling x4  
  29  14:40  Zergling x4  
  18  15:47  Drone x2  
  18  15:48  Drone  
  18  15:49  Drone  
  22  15:52  Zergling x10  
  27  16:03  Spire  
  26  16:14  Zergling x6  
  26  16:15  Zergling x12  
  29  16:56  Overseer  
  23  17:26  Overseer  
  13  18:20  Zergling x6  
  6  18:43  Zergling x4  
    19:33  Drone  
    19:34  Drone x2  
Show
View Real Time Build Order
Export as new Build Order

zateon Terran 

Build Orders:  

Get SALT Encoding   

  12  0:12  Supply Depot  
  12  0:18  SCV  
  13  0:30  SCV  
  14  0:37  Barracks  
  14  0:42  SCV  
  15  0:50  Refinery  
  15  0:54  SCV  
  16  1:06  SCV  
  17  1:18  SCV  
  18  1:27  Supply Depot  
  18  1:28  Marine  
  18  1:32  Orbital Command  
  19  1:46  Marine  
  20  2:06  Command Center  
  20  2:12  Barracks Tech Lab  
  20  2:18  SCV  
  21  2:33  Factory  
  21  2:37  SCV  
  21  2:40  Barracks  
  21  2:43  Refinery  
  22  2:50  SCV  
  23  2:54  Stimpack  
  23  2:56  Marine  
  24  3:02  SCV  
  25  3:14  Marine  
  25  3:19  Starport  
  26  3:28  SCV  
  26  3:34  Factory Reactor  
  27  3:38  Barracks Reactor  
  27  3:40  Marine  
  28  3:48  Supply Depot  
  28  3:58  Marine  
  29  4:16  Marine  
  30  4:18  Marine x2  
  30  4:22  Medivac  
  34  4:29  Supply Depot  
  34  4:31  SCV  
  35  4:33  Marine  
  35  4:36  Marine x2  
  38  4:51  Marine  
  39  4:52  Medivac  
  39  4:54  Marine x2  
  43  5:09  Marine  
  43  5:11  Marine  
  43  5:12  Marine  
  40  5:27  Marine  
  36  5:33  Marine x2  
  38  5:38  Combat Shield  
  38  5:45  Marauder  
  38  5:47  SCV  
  38  5:48  SCV  
  42  5:50  Marine  
  42  5:51  Marine  
  44  6:00  SCV x2  
  46  6:06  Marine  
  46  6:08  Marine x2  
  49  6:12  SCV x2  
  51  6:24  Marine, SCV x2  
  54  6:26  Marine x2  
  56  6:36  SCV x2  
  58  6:41  Medivac  
  58  6:42  Marine  
  58  6:44  Marine  
  62  6:51  Supply Depot  
  62  6:56  Orbital Command  
  62  6:57  Concussive Shells  
  62  7:12  Marine x2, SCV  
  62  7:13  Marauder  
  62  7:15  Supply Depot  
  67  7:24  SCV  
  68  7:30  Marine x2  
  68  7:34  Marauder  
  68  7:37  SCV  
  73  7:48  Marine x2  
  75  7:55  Marauder  
  77  8:06  Marine x2  
  79  8:13  Supply Depot  
  79  8:16  Refinery  
  79  8:17  Marauder  
  81  8:20  Refinery  
  81  8:23  Marine x2  
  81  8:25  SCV x2  
  85  8:37  SCV x2  
  85  8:38  Marauder  
  89  8:41  Marine x2  
  89  8:43  Supply Depot  
  91  8:49  SCV x2  
  91  8:50  Supply Depot  
  93  9:00  Marauder, Armory  
  93  9:01  Factory Tech Lab, SCV x2  
  97  9:05  Viking x2  
  101  9:13  SCV  
  102  9:21  Marauder  
  104  9:35  Medivac x2  
  108  10:05  Viking x2  
  88  10:35  Viking x2, Marauder  
  94  10:36  Marine x2  
  96  10:54  Marine x2  
  100  10:57  Marauder  
  100  11:05  Viking x2  
  104  11:12  Marine x2  
  108  11:18  Marauder  
  108  11:19  Supply Depot  
  108  11:29  Marine  
  108  11:30  Marine  
  109  11:40  Marauder  
  109  11:47  Marine x2  
  109  11:58  Thor  
  109  12:01  Marauder, Medivac x2  
  117  12:05  Marine x2  
  119  12:22  Marauder  
  121  12:23  Marine x2  
  123  12:31  Viking x2  
  125  12:46  Marauder  
  123  13:01  Viking  
  123  13:08  Marauder  
  123  13:17  Thor  
  88  14:01  Marauder  
  88  14:02  Marine x2  
  92  14:05  Medivac  
  92  14:06  Medivac  
  96  14:14  Thor  
  102  14:19  Marine  
  102  14:20  Marine  
  102  14:23  Marauder  
  102  14:35  Viking, Medivac  
  102  14:37  Marine x2  
  108  14:44  Marauder  
  110  14:55  Marine x2  
  110  14:56  Thor  
  118  15:05  Viking x2, Marauder  
  124  15:27  Marauder  
  126  16:49  Viking, Thor  
  126  16:53  Viking, Marauder, Marine x2  
  140  16:59  Supply Depot  
  140  17:11  Marine x2  
  140  17:15  Marauder  
  144  17:28  Marine x2  
  146  17:32  Thor  
  146  17:36  Marauder  
  154  17:46  Marine x2  
  154  17:57  Marauder  
  153  18:06  Supply Depot  
  153  18:15  Thor  
  157  18:27  Marauder  
  102  18:58  Siege Tank  
  54  19:30  Siege Tank  
  55  19:32  Viking  
Tags
 
Add a new tag
Caveats
  • Supply blocks, unpowered buildings, or Contaminate may cause inaccurate times.
  • Supply counts are checked every 10 seconds.